 Dungeon Crawl Stone Soup version 0.30-a0-879-ga8ba668304 (webtiles) character file.

Game seed: 15624441707412141030

53 Gerhazo the Ducker (level 4, 0/31 HPs)
             Began as a Djinni Hedge Wizard on Mar 13, 2023.
             Killed from afar by Natasha (7 damage)
             ... with a magic dart
             ... on level 2 of the Dungeon.
             The game lasted 00:01:14 (663 turns).

Gerhazo the Ducker (Djinni Hedge Wizard)             Turns: 663, Time: 00:01:14

Health: 0/31       AC:  2    Str:  9    XL:     4   Next: 10%
Gold:   68         EV: 12    Int: 18    God:
                   SH:  0    Dex: 12

rFire   + + .      SeeInvis .    a - +0 dagger
rCold   x . .      Faith    .    (no shield)
rNeg    . . .      Spirit   .    b - +0 robe
rPois   ∞          Reflect  .    c - +0 hat
rElec   .          Rampage  .    (no cloak)
rCorr   .                        (no gloves)
Will    .....                    (boots unavailable)
Stlth   ++                       (no amulet)
HPRegen 0.25/turn                e - ring of wizardry
MPRegen 0.00/turn                (no ring)

@: flying
A: sickness immunity, fire resistance 2, cold vulnerability 1, float, innate
caster, HP casting, extra vitality 1
a: no special abilities


You were on level 2 of the Dungeon.
You visited 1 branch of the dungeon, and saw 2 of its levels.

You collected 68 gold pieces.

Inventory:

Hand Weapons
 a - a +0 dagger (weapon)
Armour
 b - a +0 robe (worn)
 c - a +0 hat (worn)
Jewellery
 e - a ring of wizardry (left hand)
Scrolls
 f - a scroll of identify {unknown}
Potions
 d - a potion of mutation {unknown}


   Skills:
 + Level 3.1 Dodging
 + Level 2.4 Stealth
 + Level 2.9 Spellcasting


You knew the following spells:

 Your Spells              Type           Power      Damage    Failure   Level
a - Magic Dart            Conj           52%        1d5       1%          1
b - Slow                  Hex            52%        N/A       1%          1
c - Blink                 Tloc           26%        N/A       3%          2
d - Call Imp              Summ           13%        N/A       3%          2
e - Mephitic Cloud        Conj/Pois/Air  13%        N/A       6%          3
f - Foxfire               Conj/Fire      52%        2x1d6     1%          1
Your spell library was empty.

Dungeon Overview and Level Annotations

Branches:
Dungeon (2/15)

Altars:

Annotations:
D:2 Natasha


Innate Abilities, Weirdness & Mutations

You are immune to sickness and miasma.
You are immune to poison.
Your flesh is very heat resistant. (rF++)
You are vulnerable to cold. (rC-)
You float through the air rather than walking.
You learn spells naturally, not from books.
Your magical power is your life essence.
You have superior vitality. (+4 MHP)


Message History

You resist with some effort.
Found a book of Party Tricks.
The ball python hisses angrily.
Natasha wildly gestures.
Natasha glows brightly for a moment.
As you close the door, it creaks loudly!
Natasha opens the door.
Your white imp closely misses Natasha.
You reach down and close the door.
Natasha opens the door.
Your white imp barely misses Natasha.
You reach down and close the door.
Natasha opens the door.
The ball python closely misses you. The ball python barely misses you.
Your white imp hits Natasha but does no damage.
As you close the door, it creaks loudly!
Natasha breaks down the door.
The ball python closely misses you. The ball python misses you.
Your white imp gestures at Natasha.
The puff of frost hits Natasha!
It's broken and can't be closed.
Casting: Call Imp (safe; 3% risk of failure)
Confirm with . or Enter, or press ? or * to list all spells.
Aiming: Magic Dart (safe; 1% risk of failure)
Press: ? - help, Shift-Dir - straight line, f - ball python
Aim: a ball python (100% to hit)
The magic dart hits the ball python.
You kill the ball python!
Natasha claws you!
* * * LOW HITPOINT WARNING * * *
Your white imp completely misses Natasha.
Unknown command.
Casting: Magic Dart (safe; 1% risk of failure)
Confirm with . or Enter, or press ? or * to list all spells.
Aiming: Magic Dart (safe; 1% risk of failure)
Press: ? - help, Shift-Dir - straight line, f - Natasha
Aim: Natasha, carrying a wand of polymorph (4) (heavily wounded, ally target, 100% to hit)
The magic dart hits Natasha.
Natasha is severely wounded.
* * * LOW HITPOINT WARNING * * *
Natasha stares at you and mumbles some strange words.
The magic dart hits you!
You die...

..#:## ..... ....# ...
... #.# #†# #@# #
##h## ####.#####
##.5.## #........#
##.....####.#### #.#
#.......#......###.#
#..........###...##.##
.'..........#
#.:..)...
###..........#
#...##.##
##.......#.......##.##


You could see Natasha (ally target) and a friendly white imp (summoned).

Vanquished Creatures
  Natasha (D:2)
  A dart slug (D:2)
  A ball python (D:2)
  2 endoplasms (D:1)
  2 hobgoblins
  2 kobolds (D:2)
  A quokka (D:1)
  2 bats
12 creatures vanquished.

Vanquished Creatures (collateral kills)
  An adder (D:2)
  A goblin (D:2)
  2 rats (D:2)
4 creatures vanquished.

Grand Total: 16 creatures vanquished

Notes
Turn   | Place    | Note
-------+----------+-------------------------------------------
     0 | D:1      | Gerhazo the Djinni Hedge Wizard began the quest for the
                  | Orb.
     0 | D:1      | Gerhazo set off with the following spells memorised: Magic
                  | Dart, Slow, Blink, Call Imp, Mephitic Cloud.
     0 | D:1      | Reached XP level 1. HP: 15/15 MP: 0/0
   169 | D:1      | Reached XP level 2. HP: 9/21 MP: 0/0
   324 | D:2      | Noticed Natasha
   337 | D:2      | Killed Natasha
   338 | D:2      | Reached XP level 3. HP: 22/25 MP: 0/0
   338 | D:2      | Learned a level 1 spell: Foxfire
   471 | D:2      | Reached skill level 3 in Dodging
   553 | D:2      | Reached XP level 4. HP: 28/31 MP: 0/0
   650 | D:2      | Noticed Natasha
   663 | D:2      | Killed from afar by Natasha

Illustrated notes

Levels and vault maps discovered:
D:1:      evilmike_arrival_plus, layout_loops_ring,
          dreamdust_ecumenical_altar_sealed_demon
D:2:      layout_loops_corners, uniq_natasha

Skill      XL: |  1  2  3 |
---------------+----------+-----
Stealth        | 2 |  2.4
Dodging        | 3 |  3.1
Spellcasting   | |  2.9

Action                     |  1- 3 |  4- 6 || total
---------------------------+-------+-------++-------
  Melee: Unarmed           |     2 |       ||     2
   Cast: Magic Dart        |    25 |     4 ||    29
         Call Imp          |     8 |     6 ||    14
    Use: Potion            |     1 |       ||     1
 Armour: Robe              |     1 |       ||     1
         Skin              |     1 |       ||     1
  Dodge: Dodged            |     7 |     4 ||    11

Table legend: (Time is in decaauts)
 A = Elapsed time spent in this place.
 B = Non-inter-level travel time spent in this place.
 C = Inter-level travel time spent in this place.
 D = Time resting spent in this place.
 E = Time spent auto-exploring this place.
 F = Levels seen in this place.
 G = Mean time per level.
                   A        B        C        D        E       F      G
               +--------+--------+--------+--------+--------+-----+--------+
         Total |    662 |    662 |      0 |     46 |    496 |   2 |  331.0 |
       Dungeon |    662 |    662 |      0 |     46 |    496 |   2 |  331.0 |
               +--------+--------+--------+--------+--------+-----+--------+

Top non-repeatable levels by time:
     D:2: 442 daAuts
     D:1: 219 daAuts
